 Dungeon Crawl Stone Soup version 0.27.1-33-g824d729ab1 (webtiles) character file.

Game seed: 10496420091858674573

15705 LLlMATKO the Fighter (level 12, -5/160 HPs)
             Began as a Minotaur Berserker on Dec 27, 2021.
             Was a High Priest of Trog.
             Slain by a skeletal warrior (14 damage)
             ... led by a death knight
             ... on level 12 of the Dungeon.
             The game lasted 00:24:13 (10094 turns).

LLlMATKO the Fighter (Minotaur Berserker)          Turns: 10094, Time: 00:24:14

Health: -5/160     AC: 18    Str: 28    XL:     12   Next: 3%
Magic:  11/11      EV: 16    Int:  4    God:    Trog [*****.]
Gold:   1033       SH:  7    Dex: 17    Spells: 11/11 levels left

rFire    + . .     SeeInvis .   b - +5 hand axe of Trog's Supremacy {flame, rPois rF+}
rCold    . . .     Faith    .   k - +0 buckler
rNeg     . . .     Spirit   .   G - +0 swamp dragon scales
rPois    +         Reflect  .   x - +1 hat
rElec    .         Harm     .   U - +1 cloak
rCorr    .         Rampage  .   q - +0 pair of gloves
Will     .....                  y - +2 pair of boots of the Evening {Dex+2}
Stlth    ..........             g - amulet of regeneration
HPRegen  1.36/turn              i - +6 ring of strength
MPRegen  0.12/turn              (no ring)

@: berserking, very quick
A: horns 2, retaliatory headbutt
a: Renounce Religion, Berserk, Trog's Hand, Brothers in Arms


You were on level 12 of the Dungeon.
You worshipped Trog.
Trog was extremely pleased with you.
You visited 1 branch of the dungeon, and saw 13 of its levels.
You also visited: Ossuary.

You collected 1033 gold pieces.

Inventory:

Hand Weapons
 b - the +5 hand axe of Trog's Supremacy (weapon) {flame, rPois rF+}
   (Trog gifted it to you on level 10 of the Dungeon)

   It burns those it strikes, dealing additional fire damage.
   Big, fiery blades are also staple armaments of hydra-hunters.
   rF:        It protects you from fire.
   rPois:     It protects you from poison.
 p - a +0 flail
 r - a +0 hand crossbow
 N - a +0 whip of venom
Missiles
 j - 393 stones
 l - 17 boomerangs
 s - 58 bolts
 z - 81 poisoned darts (quivered)
 V - 4 silver javelins
 X - 5 atropa-tipped darts
Armour
 k - a +0 buckler (worn)
 q - a +0 pair of gloves (worn)
 x - a +1 hat (worn)
 y - the +2 pair of boots of the Evening (worn) {Dex+2}
   (You found it on level 8 of the Dungeon)

   Dex:       It affects your dexterity (+2).
 G - +0 swamp dragon scales (worn)
 U - a +1 cloak (worn)
Jewellery
 g - an amulet of regeneration (around neck)
 i - a +6 ring of strength (left hand)
 A - a ring of protection from cold
 J - a ring of willpower
 O - a ring of positive energy
 S - a ring of poison resistance
 T - a +4 ring of evasion
Wands
 D - a wand of iceblast (17)
 E - a wand of acid (8)
 Q - a wand of charming (10)
 W - a wand of flame (10)
 Y - a wand of polymorph (11)
Scrolls
 d - 5 scrolls of teleportation
 f - 2 scrolls of magic mapping
 h - 15 scrolls of identify {unknown}
 m - 4 scrolls of fog {unknown}
 t - 2 scrolls of enchant weapon {unknown}
 u - 3 scrolls of enchant armour {unknown}
 w - 2 scrolls of noise {unknown}
 C - 2 scrolls of amnesia {unknown}
 F - 2 scrolls of blinking {unknown}
 K - 2 scrolls of summoning
Potions
 a - 2 potions of brilliance {unknown}
 c - 5 potions of attraction {unknown}
 e - 10 potions of degeneration
 n - 11 potions of curing {unknown}
 o - 3 potions of ambrosia {unknown}
 v - a potion of magic {unknown}
 B - 2 potions of haste
 H - a potion of cancellation {unknown}
 I - 2 potions of might {unknown}
 L - 2 potions of lignification {unknown}
 M - a potion of flight {unknown}
 P - a potion of mutation {unknown}
 R - a potion of resistance {unknown}


   Skills:
 + Level 10.5 Fighting
 - Level 5.6(8.0) Axes
 + Level 8.8(9.6) Maces & Flails
 + Level 8.1 Crossbows
 + Level 10.1 Armour
 + Level 9.3 Dodging
 + Level 9.6 Shields


You had 11 spell levels left.
You didn't know any spells.
Your spell library was empty.

Dungeon Overview and Level Annotations

Branches:
Dungeon (13/15)            Temple (0/1) D:4            Lair (0/6) D:11
    Orc (0/2) D:10        Ossuary (visited)
 Vaults: D:13-14

Altars:
Sif Muna

Shops:
D:7 !   D:11 :


Innate Abilities, Weirdness & Mutations

You have a pair of horns on your head.
You reflexively headbutt those who attack you in melee.


Message History

The skeletal warrior is moderately damaged.
You slash the death knight! You burn the death knight.
The death knight reflects your damage back at you!
You block the death knight's attack.
The skeletal warrior hits you with a +0 glaive!
You hit the skeletal warrior. You burn the skeletal warrior.
Your headbutt misses the skeletal warrior.
The skeletal warrior is heavily damaged.
You barely miss the death knight. The death knight barely misses you.
You furiously retaliate!
You headbutt the death knight!
The death knight reflects your damage back at you!
Unknown command.
You closely miss the skeletal warrior.
You headbutt the skeletal warrior, but do no damage.
The skeletal warrior is heavily damaged.
You slash the death knight! You burn the death knight.
The death knight reflects your damage back at you!
The skeletal warrior hits you with a +0 glaive!
* * * LOW HITPOINT WARNING * * *
You hit the skeletal warrior but do no damage.
You headbutt the skeletal warrior, but do no damage.
The skeletal warrior is heavily damaged.
You completely miss the death knight.
The death knight hits you with a +0 broad axe!!
* * * LOW HITPOINT WARNING * * *
The skeletal warrior barely misses you. You furiously retaliate!
You headbutt the skeletal warrior. You slash the skeletal warrior!
You burn the skeletal warrior. You headbutt the skeletal warrior.
The skeletal warrior is almost destroyed.
You closely miss the death knight.
Unknown command.
You closely miss the skeletal warrior.
The skeletal warrior is almost destroyed.
You barely miss the death knight.
The death knight calls down the wrath of Yredelemnul upon you.
Your body is wracked with pain!
* * * LOW HITPOINT WARNING * * *
The skeletal warrior hits you with a +0 glaive!
You die...

..[......'..........#.#.# #.#
.........#######........# #..
.........# #.####.### ###
.........# #....#.# ######..
.........# #....#.####.......
.........#######.................
.........##......#.##.###........
###########.....z#....##.........
#.....@#######........#
#.....p#........#######
#......#.#.....##
#......#.#.##...#
#......#.#.##.#.#
##......#.#.##.#.#
#.......#......#.#
#......####.####.#
#.#.......#...##.#


You could see a death knight (reflects damage) and a skeletal warrior.

Vanquished Creatures
  2 two-headed ogres
  Nergalle (D:10)
  Urug (D:10)
  A skeletal warrior (D:13)
  A phantasmal warrior (D:12)
  An ugly thing (D:12)
  Joseph (D:9)
  Maurice (D:10)
  Maggie (D:6)
  2 unseen horrors
  2 trolls
  A hornet (D:7)
  Grinder (D:3)
  Sigmund (D:3)
  A spriggan (shapeshifter) (D:12)
  A shadow (D:12)
  5 wyverns (D:11)
  A wraith (D:11)
  11 yaks
  3 steam dragons
  An acid dragon (D:10)
  6 water moccasins
  A swamp drake (D:10)
  A hornet zombie (D:6)
  12 orc warriors
  5 black bears
  2 ice beasts
  8 centaurs
  A necrophage (D:5)
  An ogre (D:5)
  A wolf (D:11)
  3 kobold brigands
  An elf zombie (Ossuary)
  2 wyvern zombies
  2 scorpions
  A wyvern skeleton (D:6)
  5 howler monkeys
  A bullfrog zombie (D:6)
  3 centaur zombies
  A jelly (D:7)
  2 centaur skeletons
  A hound (D:7)
  3 human zombies (Ossuary)
  9 orc priests
  Crazy Yiuf (D:3)
  A bullfrog skeleton (D:5)
  Jessica (D:2)
  An iguana (D:6)
  12 orc wizards
  2 killer bee zombies
  A hound skeleton (D:5)
  2 mummies (Ossuary)
  A howler monkey zombie (D:5)
  3 gnolls (D:3)
  4 adders
  A howler monkey skeleton (D:5)
  2 white imps
  2 ufetubi
  An adder skeleton (D:5)
  An adder zombie (Ossuary)
  2 worms
  A dart slug (D:4)
  46 orcs
  4 ball pythons
  5 bats
  3 endoplasms
  4 hobgoblins
  4 quokkas
  5 frilled lizards
  2 goblins (D:1)
  2 goblin zombies (Ossuary)
  8 hobgoblin zombies (Ossuary)
  3 jackal zombies (Ossuary)
  27 kobolds
  8 kobold zombies (Ossuary)
  9 orc zombies (Ossuary)
  5 rats
  2 rat zombies (Ossuary)
288 creatures vanquished.

Vanquished Creatures (others)
  An orc priest (D:6)
  2 fungi (D:11)
  7 plants
10 creatures vanquished.

Grand Total: 298 creatures vanquished

Notes
Turn   | Place    | Note
-------+----------+-------------------------------------------
     0 | D:1      | LLlMATKO the Minotaur Berserker began the quest for the
                  | Orb.
     0 | D:1      | Reached XP level 1. HP: 19/19 MP: 0/0
   351 | D:1      | Reached XP level 2. HP: 27/27 MP: 1/1
   731 | D:1      | You fall into a shaft and drop 1 floor!
   744 | D:2      | Noticed Jessica
   763 | D:2      | Killed Jessica
   764 | D:2      | Reached XP level 3. HP: 23/33 MP: 2/2
  1536 | D:3      | Found a faded altar of an unknown god.
  1536 | D:3      | Noticed Grinder
  1545 | D:3      | Killed Grinder
  1546 | D:3      | Reached skill level 5 in Axes
  1546 | D:3      | Reached XP level 4. HP: 23/41 MP: 3/3
  1546 | D:3      | Reached XP level 5. HP: 27/47 MP: 4/4
  1546 | D:3      | Reached XP level 6. HP: 31/55 MP: 5/5
  1646 | D:3      | Noticed Sigmund
  1655 | D:3      | Killed Sigmund
  1656 | D:3      | Reached skill level 5 in Fighting
  1791 | D:3      | Reached ** piety under Trog
  2220 | D:3      | Found a runed translucent door.
  2221 | D:3      | Noticed Crazy Yiuf
  2357 | D:3      | Killed Crazy Yiuf
  2434 | D:4      | Reached XP level 7. HP: 35/61 MP: 6/6
  2557 | D:4      | Found a staircase to the Ecumenical Temple.
  2654 | D:4      | Reached skill level 5 in Armour
  3041 | D:5      | Entered Level 5 of the Dungeon
  3053 | D:5      | Reached skill level 1 in Maces & Flails
  3053 | D:5      | Reached skill level 1 in Crossbows
  3128 | D:5      | Found a shimmering blue altar of Sif Muna.
  3313 | D:5      | Reached XP level 8. HP: 63/70 MP: 7/7
  3446 | D:5      | Reached skill level 5 in Dodging
  3892 | D:6      | Reached skill level 5 in Shields
  3895 | D:6      | Noticed Maggie
  3898 | D:6      | Reached *** piety under Trog
  3908 | D:6      | Killed Maggie
  3927 | D:6      | Reached XP level 9. HP: 70/79 MP: 8/8
  4623 | D:7      | Paralysed by a hornet for 3 turns
  4838 | D:7      | Reached skill level 5 in Maces & Flails
  4840 | D:7      | Reached **** piety under Trog
  4934 | D:7      | Noticed a two-headed ogre
  4946 | D:7      | Killed a two-headed ogre
  4947 | D:7      | Reached skill level 5 in Crossbows
  5106 | D:7      | Reached XP level 10. HP: 81/88 MP: 9/9
  5306 | D:7      | Found Tana Neo's Distillery.
  5667 | D:8      | Found a sand-covered staircase.
  5675 | Ossuary  | Entered an ossuary
  5908 | Ossuary  | Reached ***** piety under Trog
  6079 | D:8      | Received a gift from Trog
  6697 | D:8      | Identified the +2 pair of boots of the Evening {Dex+2}
  6783 | D:9      | Noticed Joseph
  6803 | D:9      | Killed Joseph
  7396 | D:10     | Entered Level 10 of the Dungeon
  7508 | D:10     | Noticed Maurice
  7529 | D:10     | Killed Maurice
  7786 | D:10     | Noticed a two-headed ogre
  7797 | D:10     | Killed a two-headed ogre
  7951 | D:10     | Reached XP level 11. HP: 97/97 MP: 10/10
  8029 | D:10     | Noticed Nergalle
  8047 | D:10     | Killed Nergalle
  8148 | D:10     | Found a staircase to the Orcish Mines.
  8166 | D:10     | Identified the +5 hand axe of Trog's Supremacy {flame,
                  | rPois rF+} (Trog gifted it to you on level 10 of the
                  | Dungeon)
  8166 | D:10     | Received a gift from Trog
  8292 | D:10     | Noticed Urug
  8309 | D:10     | Killed Urug
  8777 | D:11     | Noticed a boulder beetle
  8846 | D:11     | Reached skill level 10 in Fighting
  8925 | D:11     | Found a staircase to the Lair.
  9111 | D:11     | Found Yrphiyxu's Book Emporium.
  9345 | D:12     | Noticed a green ugly thing
  9354 | D:12     | Killed a green ugly thing
  9561 | D:12     | Reached skill level 10 in Armour
  9911 | D:13     | Noticed a skeletal warrior
  9912 | D:13     | Noticed a cyan ugly thing
  9915 | D:13     | Noticed a death knight
  9923 | D:13     | Killed a skeletal warrior
  9923 | D:13     | Noticed a phantasmal warrior
 10033 | D:13     | Noticed a phantasmal warrior
 10036 | D:13     | Noticed a death knight
 10042 | D:13     | Noticed a skeletal warrior
 10058 | D:12     | Killed a phantasmal warrior
 10059 | D:12     | Reached XP level 12. HP: 84/107 MP: 11/11
 10094 | D:12     | Slain by a skeletal warrior

Illustrated notes

Levels and vault maps discovered:
D:1:      lemuel_arrival_river_ford, layout_loops_ring
D:2:      wad_lake_hut, layout_basic, hangedman_decor_riveting, uniq_jessica
D:3:      layout_loops_ring, dilly_ecumenical_altar_fadedgnrine, uniq_grinder,
          uniq_crazy_yiuf_cottage, uniq_sigmund
D:4:      layout_basic, minmay_temple_entry_junction, chequers_garden,
          minmay_bisected
D:5:      layout_rooms, mainiacjoe_overflow_small_starburst,
          kennysheep_generic_room_15
D:6:      layout_rooms, uniq_maggie
D:7:      layout_basic, serial_shops, shop
D:8:      layout_loops_ring, chequers_ossuary_entry_cave
D:9:      layout_roguey, uniq_joseph
D:10:     minmay_goldmine, layout_irregular_city, erik_orc_1, uniq_nergalle,
          uniq_maurice, uniq_urug
D:11:     layout_cave_pools, minmay_lair_entry_grove, serial_shops, shop
D:12:     layout_basic
D:13:     layout_basic, glass_columns_b, nicolae_looking_at_the_future

Skill      XL: |  1  2  3  4  5  6  7  8  9 10 11 |
---------------+----------------------------------+-----
Fighting       | 4 5 6 7 8 9 10 | 10.5
Axes           | 4 5 |  5.6
Armour         | 3 4 5 6 7 8 10 | 10.1
Dodging        | 3 4 5 6 8 9 |  9.3
Shields        | 2 3 4 5 6 8 9 |  9.6
Maces & Flails | 1 4 5 7 8 |  8.8
Crossbows      | 2 3 5 6 8 |  8.1

Action                   |  1- 3 |  4- 6 |  7- 9 | 10-12 || total
-------------------------+-------+-------+-------+-------++-------
Melee: Hand axe          |    59 |    54 |    27 |   171 ||   311
       Headbutt          |     6 |    12 |    59 |   140 ||   217
       Flail             |       |       |   209 |   191 ||   400
       Whip              |       |       |       |   133 ||   133
 Fire: Hand crossbow     |       |       |       |     4 ||     4
Throw: Stone             |       |     1 |     4 |     1 ||     6
       Dart              |       |       |     3 |    17 ||    20
Invok: Berserk           |     1 |     3 |     4 |    11 ||    19
  Use: Scroll            |       |       |       |     2 ||     2
Armor: Animal skin       |     8 |       |       |       ||     8
       Ring mail         |       |     7 |     4 |       ||    11
       Chain mail        |       |       |   105 |       ||   105
       Swamp dragon scal |       |       |    36 |   200 ||   236
Dodge: Dodged            |    34 |    34 |   167 |   281 ||   516
Block: Buckler           |     4 |    11 |    66 |   136 ||   217
